 Dungeon Crawl Stone Soup version 0.24-a0-411-g4df2b1290f (webtiles) character file.

Game seed: 10610807369660444451

102 Gynju the Poker (level 4, -2/39 HPs)
             Began as a Minotaur Fighter on June 6, 2019.
             Killed from afar by Natasha (9 damage)
             ... with a magic dart
             ... on level 2 of the Dungeon.
             The game lasted 00:02:34 (1339 turns).

Gynju the Poker (Minotaur Fighter)                  Turns: 1339, Time: 00:02:34

Health: -2/39      AC:  6    Str: 20    XL:     4   Next: 50%
Magic:  3/3        EV:  8    Int:  5    God:
Gold:   73         SH:  9    Dex: 11    Spells: 3/3 levels left

rFire    . . .     SeeInvis .   a - +0 trident
rCold    . . .     Gourm    .   c - +0 shield
rNeg     . . .     Faith    .   k - +0 ring mail (curse)
rPois    .         Spirit   .   (helmet restricted)
rElec    .         Reflect  .   (no cloak)
rCorr    .         Harm     .   (no gloves)
MR       .....                  g - +0 pair of boots
Stlth    ..........             (no amulet)
HPRegen  0.13/turn              (no ring)
MPRegen  0.08/turn              (no ring)

@: lethally poisoned (-2 -> -8), very slow
A: retaliatory headbutt, horns 2
a: no special abilities


You were on level 2 of the Dungeon.
You were hungry.

You visited 1 branch of the dungeon, and saw 2 of its levels.

You collected 73 gold pieces.

Inventory:

Hand Weapons
 a - a +0 trident (weapon)
Armour
 b - a +0 scale mail
 c - a +0 shield (worn)
 g - a +0 pair of boots (worn)
 k - a cursed +0 ring mail (worn)
Scrolls
 e - a scroll of fog {unknown}
 h - a scroll of amnesia {unknown}
 i - 2 scrolls of remove curse {unknown}
 m - a scroll of blinking {unknown}
 o - a scroll of magic mapping {unknown}
Potions
 d - a potion of might
 j - 2 potions of curing {unknown}
 l - a potion of haste {unknown}
 n - 2 potions of magic {unknown}
 q - a potion of resistance {unknown}
Comestibles
 f - 5 rations
 p - 3 chunks of flesh


   Skills:
 - Level 3.6 Fighting
 + Level 5.8 Polearms
 - Level 3.6 Armour
 - Level 3.6 Shields


You had 3 spell levels left.
You didn't know any spells.
Your spell library was empty.

Dungeon Overview and Level Annotations

Branches:
Dungeon (2/15)

Altars:

Annotations:
D:2 Natasha


Innate Abilities, Weirdness & Mutations

You reflexively headbutt those who attack you in melee.
You have a pair of horns on your head.


Message History

Why would you want to do that? Why would you want to do that?
Why would you want to do that? Why would you want to do that?
Why would you want to do that? Why would you want to do that?
Why would you want to do that? Why would you want to do that?
Why would you want to do that? Why would you want to do that?
Why would you want to do that? Why would you want to do that?
Why would you want to do that? Why would you want to do that?
* * * LOW HITPOINT WARNING * * *
You feel sick.
The jackal bites the plant but does no damage.
Natasha casts a spell at you. The magic dart hits you!
You die...

#.....
#..PP≈≈≈P≈......
#.....
#..≈P≈≈≈≈.≈.....
#.....
#..≈P≈≈≈≈≈≈.....
#.....
#..PPPP≈≈P≈.....
#.....
#..≈..≈≈≈≈.h....
#.....
#...≈≈≈≈≈h5hP..#
##....
#.#...P≈≈≈5≈....
#....
#.##..≈≈@≈≈≈≈P..
#....
#.###...≈≈≈≈≈≈##
#....
#.###...≈.≈≈≈≈≈###
#....
#..........≈≈≈≈≈≈#
#....
#####.....≈≈≈≈≈≈≈≈
#.### ###....≈.≈#≈
#.# ##.....P####
#.# ##........#
#.#
##....((.####.#


You could see Natasha, 2 shadow imps and 2 jackals.

Vanquished Creatures
  Natasha (D:2)
  4 adders (D:2)
  A worm (D:2)
  A giant cockroach (D:1)
  4 goblins
  A hobgoblin (D:1)
  8 jackals
  5 bats
  2 frilled lizards
  9 kobolds
  7 rats
43 creatures vanquished.

Notes
Turn   | Place    | Note
-------+----------+-------------------------------------------
     0 | D:1      | Gynju the Minotaur Fighter began the quest for the Orb.
     0 | D:1      | Reached XP level 1. HP: 19/19 MP: 0/0
   239 | D:1      | Reached skill level 3 in Polearms
   299 | D:1      | Reached XP level 2. HP: 26/26 MP: 1/1
   419 | D:1      | Reached skill level 4 in Polearms
   734 | D:2      | Reached XP level 3. HP: 29/31 MP: 2/2
   796 | D:2      | Noticed Natasha
   807 | D:2      | Killed Natasha
   807 | D:2      | Reached skill level 5 in Polearms
  1153 | D:2      | Reached XP level 4. HP: 37/39 MP: 3/3
  1301 | D:2      | Noticed Natasha
  1339 | D:2      | Killed from afar by Natasha

Levels and vault maps discovered:
D:1:      elethiomel_arrival_maze, layout_basic
D:2:      layout_basic, yredelemnul_forgotten_temple_becter, chequers_big_river,
          uniq_natasha

Skill      XL: |  1  2  3 |
---------------+----------+-----
Polearms       | 3 4 5 |  5.8
Fighting       | |  3.6
Armour         | |  3.6
Shields        | |  3.6

Action                   |  1- 3 |  4- 6 || total
-------------------------+-------+-------++-------
Melee: Trident           |   104 |    37 ||   141
       Headbutt          |    14 |     3 ||    17
  Eat: Chunk             |     1 |       ||     1
Armor: Scale mail        |     7 |       ||     7
       Ring mail         |    30 |    18 ||    48
Dodge: Dodged            |    28 |    10 ||    38
Block: Shield            |    39 |    21 ||    60

Table legend:
 A = Non-vault XP
 B = Vault XP
 C = Vault XP percentage of total XP
 D = Non-vault monster count
 E = Vault monster count
 F = Vault count percentage of total count
                 A         B        C        D         E       F
            +---------+---------+-------+---------+---------+-------
      Total |     112 |      35 |  23.8 |      42 |       1 |   2.3
            +---------+---------+-------+---------+---------+-------
        D:1 |      36 |       0 |   0.0 |      25 |       0 |   0.0
        D:2 |      76 |      35 |  31.5 |      17 |       1 |   5.6
            +---------+---------+-------+---------+---------+-------
